 Dungeon Crawl Stone Soup version 0.27.0-1-g7a089689b8 (webtiles) character file.

Game seed: 14028393792695207124

63 ZARRMARR the Gusty (level 3, -5/26 HPs)
             Began as a Draconian Air Elementalist on Aug 3, 2021.
             Slain by a sky beast (6 damage)
             ... on level 2 of the Dungeon.
             The game lasted 00:09:18 (3246 turns).

ZARRMARR the Gusty (Draconian Air Elementalist)     Turns: 3246, Time: 00:09:19

Health: -5/26      AC:  5    Str: 10    XL:     3   Next: 89%
Magic:  6/6        EV: 12    Int: 16    God:
Gold:   125        SH:  0    Dex: 11    Spells: 2/6 levels left

rFire    . . .     SeeInvis .   a - +1 short sword
rCold    . . .     Faith    .   (no shield)
rNeg     . . .     Spirit   .   (armour unavailable)
rPois    .         Reflect  .   (helmet restricted)
rElec    .         Harm     .   (no cloak)
rCorr    .         Rampage  .   (no gloves)
Will     .....                  (no boots)
Stlth    ++........             (no amulet)
HPRegen  0.08/turn              (no ring)
MPRegen  0.10/turn              (no ring)

@: no status effects
A: AC +5, unfitting armour, cold-blooded
a: no special abilities


You were on level 2 of the Dungeon.
You visited 1 branch of the dungeon, and saw 3 of its levels.

You collected 125 gold pieces.

Inventory:

Hand Weapons
 a - a +1 short sword (weapon)
Missiles
 b - 66 stones
 i - a silver javelin (quivered)
Scrolls
 c - a scroll of enchant weapon
Potions
 d - a potion of lignification {unknown}
 e - a potion of might {unknown}
 f - 2 potions of heal wounds {unknown}


   Skills:
 + Level 2.2 Dodging
 + Level 2.4 Stealth
 + Level 2.4 Spellcasting
 + Level 1.3 Conjurations
 + Level 3.7 Air Magic


You had 2 spell levels left.
You knew the following spells:

 Your Spells              Type           Power      Damage    Failure   Level
a - Shock                 Conj/Air       40%        1d5       7%          1
b - Swiftness             Air            13%        N/A       13%         3

Your spell library contained the following spells:

 Spells                   Type           Power      Damage    Failure   Level
 Static Discharge         Conj/Air       10%        N/A       11%         2
 Airstrike                Air            6%         N/A       41%         4
 Tukima's Dance           Hex            1%         N/A       52%         3
 Passage of Golubria      Tloc           N/A        N/A       89%         4
 Yara's Violent Unravell  Hex/Tmut       0%         3d3       99%         5


Dungeon Overview and Level Annotations

Branches:
Dungeon (3/15)

Altars:

Shops:
D:1 *


Innate Abilities, Weirdness & Mutations

Your plain brown scales are hard. (AC +5)
You cannot fit into any form of body armour.
You are cold-blooded and may be slowed by cold attacks.


Message History

The sky beast is moderately wounded.
The sky beast hits you but does no damage.
You barely miss the sky beast.
The sky beast is moderately wounded.
The sky beast barely misses you.
You hit the sky beast.
The sky beast is moderately wounded.
The sky beast hits you. The sky beast shocks you. The sky beast hits you.
The sky beast shocks you.
You climb upwards.
There is a stone staircase leading down here.
You barely miss the sky beast.
The sky beast is moderately wounded.
The sky beast misses you.
You hit the sky beast but do no damage.
The sky beast is moderately wounded.
The sky beast closely misses you.
You closely miss the sky beast.
The sky beast is moderately wounded.
The sky beast closely misses you.
You hit the sky beast.
The sky beast is moderately wounded.
The sky beast hits you but does no damage.
The sky beast barely misses you.
You hit the sky beast.
The sky beast is heavily wounded.
The sky beast closely misses you.
You hit the sky beast.
Your tail-slap misses the sky beast.
The sky beast is heavily wounded.
The sky beast hits you. The sky beast shocks you.
* * * LOW HITPOINT WARNING * * *
You hit the sky beast.
The sky beast is heavily wounded.
The sky beast hits you but does no damage.
You barely miss the sky beast.
The sky beast is heavily wounded.
The sky beast hits you.
* * * LOW HITPOINT WARNING * * *
The sky beast shocks you.
You die...

#.#†#.#.#..# #.#.#.#.#..#
#...#...#..# #########..#
...........# ..######.#.#
)...# #...# ###.#
###.##############
#.######.....Y@.......#
###..........##########.#
.............####### #.#
####...............# #.#
#########.#####.# #.# #.#
#.# #.# #.# #.# #.####
#######.#####.# #....#
#.............# ####.#


You could see a sky beast.

Vanquished Creatures
  An adder (D:2)
  A worm (D:2)
  A dart slug (D:2)
  An orc (D:3)
  3 ball pythons
  4 endoplasms
  2 giant cockroaches (D:2)
  6 goblins
  4 hobgoblins
  4 jackals (D:1)
  2 quokkas
  4 bats
  3 frilled lizards
  3 kobolds
  6 rats
45 creatures vanquished.

Notes
Turn   | Place    | Note
-------+----------+-------------------------------------------
     0 | D:1      | ZARRMARR the Draconian Air Elementalist began the quest for
                  | the Orb.
     0 | D:1      | Reached XP level 1. HP: 14/14 MP: 3/3
   397 | D:1      | Reached XP level 2. HP: 20/20 MP: 1/5
  1038 | D:1      | Found Nuhafuse's General Store.
  1266 | D:1      | Found a faded altar of an unknown god.
  1642 | D:2      | Reached XP level 3. HP: 26/26 MP: 1/6
  2984 | D:2      | Learned a level 3 spell: Swiftness
  3221 | D:3      | Noticed a sky beast
  3246 | D:2      | HP: 1/26 [sky beast (3)]
  3246 | D:2      | Slain by a sky beast

Illustrated notes

Levels and vault maps discovered:
D:1:      minmay_arrival_split_and_join, layout_loops_corners,
          shapermc_ecumenical_altar_mp_vishouse, serial_shops, shop_coins,
          minmay_curled_crystal
D:2:      layout_loops_ring, grunt_ministairs_6, minivault_27
D:3:      layout_loops_ring, nrook_mini_backslash

Skill      XL: |  1  2 |
---------------+-------+-----
Dodging        | 2 |  2.2
Stealth        | 2 |  2.4
Spellcasting   | |  2.4
Conjurations   | |  1.3
Air Magic      | |  3.7

Action                   || total
-------------------------++-------
Melee: Short sword       ||    57
       Tailslap          ||     6
Throw: Stone             ||     6
       Javelin           ||     2
 Cast: Shock             ||    79
  Use: Scroll            ||     3
Armor: Skin              ||    10
Dodge: Dodged            ||    33
